 Dungeon Crawl Stone Soup version 0.25-a0-545-ge4db218 (webtiles) character file.

Game seed: 17168564761977268449, levelgen mode: deterministic

31 robertstho the Skirmisher (level 3, -1/29 HPs)
             Began as a Demonspawn Abyssal Knight on Feb 20, 2020.
             Was a Follower of Lugonu.
             Slain by a worm (4 damage)
             ... on level 2 of the Dungeon.
             The game lasted 00:01:08 (879 turns).

robertstho the Skirmisher (DsAK)                     Turns: 879, Time: 00:01:09

Health: -1/29      AC:  3    Str: 13    XL:     3   Next: 7%
Magic:  5/5        EV: 11    Int: 13    God:    Lugonu [*.....]
Gold:   58         SH:  0    Dex: 12    Spells: 2/2 levels left

rFire    . . .     SeeInvis .   g - -2 hand axe (curse)
rCold    . . .     Gourm    .   (no shield)
rNeg     . . .     Faith    .   b - +0 leather armour
rPois    .         Spirit   .   (no helmet)
rElec    .         Reflect  .   (no cloak)
rCorr    .         Harm     .   (no gloves)
MR       .....                  (no boots)
Stlth    ++........             (no amulet)
HPRegen  0.09/turn              (no ring)
MPRegen  0.09/turn              (no ring)

@: no status effects
A: claws 1, nightstalker 1
a: Depart the Abyss, Renounce Religion


You were on level 2 of the Dungeon.
You worshipped Lugonu.
Lugonu was aware of your devotion.
You were not hungry.

You visited 1 branch of the dungeon, and saw 2 of its levels.
You visited the Abyss 1 time.

You collected 58 gold pieces.

Inventory:

Hand Weapons
 a - a +1 spear
 g - a cursed -2 hand axe (weapon)
Armour
 b - a +0 leather armour (worn)
Potions
 e - 2 potions of curing
 h - 2 potions of lignification
Comestibles
 c - 3 rations


   Skills:
 + Level 3.4 Fighting
 + Level 2.2 Polearms
 + Level 2.0 Armour
 + Level 1.2 Dodging
 + Level 2.6 Invocations


You had 2 spell levels left.
You didn't know any spells.
Your spell library was empty.

Dungeon Overview and Level Annotations

Branches:
Dungeon (2/15)

Altars:


Innate Abilities, Weirdness & Mutations

You have sharp fingernails.
You are slightly more attuned to the shadows.


Message History

The worm is severely wounded.
The worm bites you.
You hit the worm.
The worm is almost dead.
You barely miss the worm.
The worm is almost dead.
The worm bites you.
You hit the worm but do no damage.
The worm is almost dead.
The worm completely misses you.
You hit the worm.
The worm is almost dead.
The worm bites you!
* * * LOW HITPOINT WARNING * * *
You hit the worm.
The worm is almost dead.
You hit the worm but do no damage.
The worm is almost dead.
The worm bites you.
You die...

#.......<... .#
#...........
...
#.#..#....##.#
......##....#
###..#.##....#
#............#
#w@.......#
..?......##...#
####....###...#
#.##.###...# #.
#.......# ##
#.....#.#
#.....#.#
#.....#.#
##+##.#.##+# .#


You could see a worm.

Vanquished Creatures
  2 oozes (D:1)
  A leopard gecko (D:1)
  2 bats (D:1)
  3 goblins (D:1)
  2 hobgoblins (D:1)
  A frilled lizard (D:1)
  6 kobolds (D:1)
  7 rats
24 creatures vanquished.

Notes
Turn   | Place    | Note
-------+----------+-------------------------------------------
     0 | Abyss:1  | robertstho the Demonspawn Abyssal Knight began the quest
                  | for the Orb.
     0 | Abyss:1  | Reached XP level 1. HP: 18/18 MP: 2/2
    66 | D:1      | Escaped the Abyss
   151 | D:1      | Reached * piety under Lugonu
   213 | D:1      | Reached skill level 1 in Dodging
   213 | D:1      | Gained mutation: You are slightly more attuned to the
                  | shadows. [demonic ancestry]
   213 | D:1      | Reached XP level 2. HP: 15/24 MP: 3/3
   400 | D:1      | Gained mutation: You have sharp fingernails. [demonic
                  | ancestry]
   400 | D:1      | Reached XP level 3. HP: 13/29 MP: 5/5
   879 | D:2      | Slain by a worm

Levels and vault maps discovered:
D:1:      heliophobic_arrival_enchanted_forest, layout_basic
D:2:      minmay_general_purpose_star, layout_basic

Skill      XL: |  1  2 |
---------------+-------+-----
Dodging        | 1 |  1.2
Polearms       | 2 |  2.2
Armour         | 2 |  2.0
Fighting       | |  3.4
Invocations    | |  2.6

Action                   || total
-------------------------++-------
Melee: Spear             ||    55
       Hand axe          ||    40
Invok: Depart the Abyss  ||     1
  Use: Scroll            ||     2
 Stab: Sleeping          ||     3
Armor: Leather armour    ||    12
Dodge: Dodged            ||    52

Table legend:
 A = Non-vault XP
 B = Vault XP
 C = Vault XP percentage of total XP
 D = Non-vault monster count
 E = Vault monster count
 F = Vault count percentage of total count
                 A         B        C        D         E       F
            +---------+---------+-------+---------+---------+-------
      Total |      45 |       0 |   0.0 |      24 |       0 |   0.0
            +---------+---------+-------+---------+---------+-------
        D:1 |      44 |       0 |   0.0 |      23 |       0 |   0.0
        D:2 |       1 |       0 |   0.0 |       1 |       0 |   0.0
            +---------+---------+-------+---------+---------+-------
